 Dungeon Crawl Stone Soup version 0.23-a0-183-gf37f6fb (webtiles) character file.

278 HerrDoktor the Cudgeler (level 6, -1/53 HPs)
             Began as a Hill Orc Abyssal Knight on Sept 22, 2018.
             Was a Believer of Lugonu.
             Killed by divine providence
             ... invoked by an orc priest
              (14 damage)
             ... on level 4 of the Dungeon.
             The game lasted 00:15:31 (3867 turns).

HerrDoktor the Cudgeler (Hill Orc Abyssal Knight)   Turns: 3867, Time: 00:15:32

Health: -1/53      AC:  6    Str: 17    XL:     6   Next: 26%
Magic:  7/7        EV: 11    Int: 12    God:    Lugonu [**....]
Gold:   132        SH:  0    Dex: 10    Spells: 5/5 levels left

rFire    . . .     SeeInvis .   a - +3 whip (pain)
rCold    . . .     Gourm    .   (no shield)
rNeg     . . .     Faith    .   m - +0 ring mail
rPois    .         Spirit   .   (no helmet)
rElec    .         Reflect  .   (no cloak)
rCorr    .         Harm     .   t - +0 pair of gloves
MR       .....                  (no boots)
Stlth    +.........             (no amulet)
HPRegen  0.17/turn              (no ring)
MPRegen  0.10/turn              (no ring)

@: no status effects
A: no striking features
a: Depart the Abyss, Bend Space, Renounce Religion, Convert to Beogh


You were on level 4 of the Dungeon.
You worshipped Lugonu.
Lugonu was pleased with you.
You were not hungry.

You visited 1 branch of the dungeon, and saw 4 of its levels.
You visited the Abyss 1 time.

You collected 132 gold pieces.

Inventory:

Hand Weapons
 a - a +3 whip of pain (weapon)
 b - a +0 hunting sling
 f - a +0 hunting sling
 o - a +0 flail
 q - a +1 mace
Armour
 d - a +0 leather armour
 g - a +2 large shield
 m - a +0 ring mail (worn)
 t - a +0 pair of gloves (worn)
Jewellery
 k - an uncursed amulet of harm
Scrolls
 e - 3 scrolls of random uselessness
 j - 2 scrolls of remove curse
 r - a scroll of amnesia
Potions
 i - a potion of invisibility {unknown}
 l - a potion of experience {unknown}
 n - a potion of haste {unknown}
 u - 2 potions of flight {unknown}
Comestibles
 c - 10 rations


   Skills:
 + Level 4.6 Fighting
 * Level 5.2 Maces & Flails
 + Level 3.2 Armour
 + Level 1.7 Dodging
 + Level 0.6 Stealth
 + Level 2.6 Invocations


You had 5 spell levels left.
You didn't know any spells.
Your spell library was empty.

Dungeon Overview and Level Annotations

Branches:
Dungeon (4/15)             Temple (0/1) D:4

Altars:
Nemelex Xobeh
The Shining One

Annotations:
D:3 Natasha, Sigmund
D:4 2 runed doors, Nib's ghost, novice FoFi


Message History

The orc misses you.
Things that are here:
a whip; a ring mail The orc misses you.
The orc priest closely misses you.
You see here a ring mail.
The orc priest looks encouraged for a moment.
You feel a little less agile now. The orc hits you with a mace.
* * * LOW HITPOINT WARNING * * *
The orc barely misses you.
There is an open door here.
There is a staircase to the Ecumenical Temple here.
The orc priest casts a cantrip, but nothing happens.
There is an open door here.
You hear the rapid hiss of a distant avalanche of sand.
The orc hits you but does no damage.
The orc priest invokes the aid of Beogh against you.
Beogh smites you!
You die...

#.# #.# #.#
#.# #.# #.#
#o####.#
#.o....#
#......#
#.....##
#....o########
#.....o..o.@.#
############.#
#<# ###


You could see an orc priest and 2 orcs.

Vanquished Creatures
  A scorpion (D:4)
  A howler monkey (D:4)
  Natasha (twice) (D:3)
  Robin (D:3)
  An adder (D:2)
  4 gnolls
  An ooze (D:2)
  3 worms
  2 dart slugs
  3 leopard geckos
  5 orcs
  A giant cockroach (D:4)
  14 goblins
  8 hobgoblins
  2 quokkas
  A ball python (D:1)
  6 bats
  2 frilled lizards
  A kobold (D:1)
  4 rats
63 creatures vanquished.

Notes
Turn   | Place    | Note
-------+----------+-------------------------------------------
     0 | Abyss:1  | HerrDoktor the Hill Orc Abyssal Knight began the quest for
                  | the Orb.
     0 | Abyss:1  | Reached XP level 1. HP: 19/19 MP: 2/2
     3 | D:1      | Escaped the Abyss
   106 | D:1      | Reached * piety under Lugonu
   188 | D:1      | Reached XP level 2. HP: 22/27 MP: 3/3
   792 | D:2      | Reached XP level 3. HP: 20/33 MP: 4/4
   940 | D:2      | Reached skill level 3 in Maces & Flails
  1682 | D:3      | Reached XP level 4. HP: 32/41 MP: 5/5
  1769 | D:3      | Reached skill level 1 in Dodging
  2401 | D:3      | Reached skill level 4 in Maces & Flails
  2402 | D:3      | Noticed Sigmund
  2544 | D:3      | Noticed Natasha
  2568 | D:3      | Killed Natasha
  2568 | D:3      | Reached XP level 5. HP: 19/47 MP: 6/6
  2884 | D:3      | Noticed Natasha
  2893 | D:3      | Killed Natasha
  3008 | D:3      | Found a sparkling altar of Nemelex Xobeh.
  3024 | D:3      | Noticed Robin
  3052 | D:3      | Killed Robin
  3055 | D:3      | Reached ** piety under Lugonu
  3095 | D:3      | Noticed Natasha
  3347 | D:4      | Reached XP level 6. HP: 37/53 MP: 7/7
  3364 | D:4      | Reached skill level 5 in Maces & Flails
  3375 | D:4      | HP: 2/53 [orc priest/divine providence (17)]
  3669 | D:4      | Found a staircase to the Ecumenical Temple.
  3777 | D:4      | Found a glowing golden altar of the Shining One.
  3808 | D:4      | Found a large runed door.
  3808 | D:4      | Found a large runed door.
  3808 | D:4      | Noticed Nib's ghost (novice FoFi)
  3867 | D:4      | Killed from afar by an orc priest

Vault maps used:
D:1:      minmay_arrival_three_doors, serial_glass, glass_columns_c,
          glass_columns_b, due_unseen_surprise, feat_on_display,
          item_on_display_a
D:2:      first_ration
D:3:      minmay_misc_feat_columns, nemelex_diamond_rough_becter, uniq_natasha,
          uniq_ijyb, uniq_sigmund, uniq_robin
D:4:      nicolae_overflow_crystal_walls, minmay_temple_entry_hall,
          ebering_ghost_disaster_area, enter_ossuary_1

Skill      XL: |  1  2  3  4  5  6 |
---------------+-------------------+-----
Fighting       | 4 |  4.6
Maces & Flails | 3 4 5 |  5.2
Dodging        | 1 |  1.7
Armour         | 3 |  3.2
Stealth        | |  0.6
Invocations    | |  2.6

Action                   |  1- 3 |  4- 6 || total
-------------------------+-------+-------++-------
Melee: Mace              |    97 |       ||    97
       Whip              |    16 |   153 ||   169
Invok: Depart the Abyss  |     1 |       ||     1
       Bend Space        |       |     2 ||     2
  Use: Scroll            |     8 |     6 ||    14
       Potion            |       |     4 ||     4
  Eat: Chunk             |     3 |     3 ||     6
       Ration            |       |     1 ||     1
Armor: Leather armour    |    13 |       ||    13
       Ring mail         |    24 |    44 ||    68
Dodge: Dodged            |    59 |   108 ||   167

Table legend:
 A = Non-vault XP
 B = Vault XP
 C = Vault XP percentage of total XP
 D = Non-vault monster count
 E = Vault monster count
 F = Vault count percentage of total count
                 A         B        C        D         E       F
            +---------+---------+-------+---------+---------+-------
      Total |     331 |      67 |  16.8 |      51 |      12 |  19.0
            +---------+---------+-------+---------+---------+-------
        D:1 |      27 |       0 |   0.0 |      16 |       0 |   0.0
        D:2 |      63 |       0 |   0.0 |      13 |       0 |   0.0
        D:3 |     108 |      67 |  38.3 |      17 |      12 |  41.4
        D:4 |     133 |       0 |   0.0 |       5 |       0 |   0.0
            +---------+---------+-------+---------+---------+-------
